 Dungeon Crawl Stone Soup version 0.27-a0-1217-g8a41f320e8 (webtiles) character file.

Game seed: 5837633182002815392

149 freelancePsychic the Magician (level 5, -1/35 HPs)
             Began as a Human Wanderer on June 6, 2021.
             Shot with an arrow by a centaur (4 damage)
             ... on level 3 of the Dungeon.
             The game lasted 00:05:30 (3288 turns).

freelancePsychic the Magician (Human Wanderer)      Turns: 3288, Time: 00:05:31

Health: -1/35      AC:  9    Str: 15    XL:     5   Next: 56%
Magic:  5/12       EV: 10    Int: 11    God:
Gold:   108        SH:  0    Dex: 12    Spells: 13/14 levels left

rFire    . . .     SeeInvis .   l - +0 quarterstaff
rCold    . . .     Faith    .   (shield currently unavailable)
rNeg     . . .     Spirit   .   h - +0 ring mail
rPois    .         Reflect  .   (no helmet)
rElec    .         Harm     .   (no cloak)
rCorr    .         Rampage  .   (no gloves)
Will     .....                  (no boots)
Stlth    +.........             (no amulet)
HPRegen  0.11/turn              k - +4 ring of protection
MPRegen  0.13/turn              (no ring)

@: very slightly contaminated
A: no striking features
a: no special abilities


You were on level 3 of the Dungeon.
You visited 1 branch of the dungeon, and saw 3 of its levels.

You collected 108 gold pieces.

Inventory:

Hand Weapons
 a - a +0 club
 l - a +0 quarterstaff (weapon)
Armour
 d - a +0 robe
 h - a +0 ring mail (worn)
Jewellery
 k - a +4 ring of protection (left hand)
Potions
 b - 2 potions of degeneration {unknown}
 e - a potion of invisibility {unknown}
 f - 3 potions of might {unknown}
 g - 2 potions of lignification {unknown}
 i - a potion of mutation {unknown}
 j - a potion of haste {unknown}


   Skills:
 - Level 1.0 Throwing
 - Level 5.0 Spellcasting
 + Level 3.5 Conjurations
 - Level 2.0 Necromancy
 + Level 3.2 Fire Magic
 - Level 1.0 Evocations


You had 13 spell levels left.
You knew the following spells:

 Your Spells              Type           Power      Damage    Failure   Level
a - Foxfire               Conj/Fire      40%        2x1d6     11%         1

Your spell library contained the following spells:

 Spells                   Type           Power      Damage    Failure   Level
 Magic Dart               Conj           40%        1d5       10%         1
 Conjure Flame            Conj/Fire      10%        6-21      32%         3
 Freeze                   Ice            8%         1d3       38%         1
 Stone Arrow              Conj/Erth      12%        3d7       52%         3
 Blink                    Tloc           N/A        N/A       54%         2
 Call Imp                 Summ           2%         N/A       54%         2
 Slow                     Hex            2%         N/A       54%         2
 Mephitic Cloud           Conj/Pois/Air  5%         N/A       61%         3
 Ozocubu's Armour         Ice            2%         N/A       77%         3


Dungeon Overview and Level Annotations

Branches:
Dungeon (3/15)

Altars:

Annotations:
D:3 Sigmund


Message History

The centaur kicks you but does no damage.
Sigmund hits you but does no damage.
Casting: Foxfire (safe; 11% risk of failure)
Confirm with . or Enter, or press ? or * to list all spells.
You conjure some foxfire!
The centaur hits you but does no damage.
The centaur kicks you but does no damage.
The goblin barely misses you. Sigmund barely misses you.
The foxfire hits the goblin.
The goblin is severely wounded.
The foxfire hits the goblin.
You kill the goblin!
The centaur wields a +0 shortbow.
The centaur shoots an arrow.
The arrow hits you!
* * * LOW HITPOINT WARNING * * *
The centaur shoots an arrow.
The arrow hits you but does no damage.
Casting: Foxfire (safe; 11% risk of failure)
Confirm with . or Enter, or press ? or * to list all spells.
You conjure some foxfire!
The foxfire hits the centaur.
The centaur is moderately wounded.
Sigmund hits you from afar with a +0 scythe.
* * * LOW HITPOINT WARNING * * *
The foxfire hits the centaur.
The centaur is severely wounded.
You hit the centaur but do no damage.
The centaur is heavily wounded.
The centaur unwields a +0 shortbow.
The centaur hits you but does no damage.
The centaur kicks you but does no damage.
Sigmund barely misses you.
As you read the scroll labelled OLEMUEGUENOE, it crumbles to dust.
You assume a fearsome visage.
The goblin looks frightened!
The hobgoblin looks frightened! x3; Sigmund looks frightened!
The centaur looks frightened!
It was a scroll of fear.
Sigmund casts a spell.
Sigmund flickers and vanishes!
Deactivating autopickup; reactivate with Ctrl-A.
The centaur wields a +0 shortbow.
The centaur shoots an arrow.
The arrow hits you.
You die...

.._............# #.##.#........#
.#..#.##...###.####.##..........#
...##..#...##.......##.##..######
......##..###.#.######.....#
.#.......####.#.# #.....#
##+.c##.......#.# #.###.#
.........######.## #(....#
#####.#.#######..#####.###.###
......g.g.......@.............
#####.#..c....................
#.#########.#.####.....### #.#
#....# #..#..# ### #.# ###..#
#..#..# #.. #.# ##.###.....# #.#
...##.# #########..###.#..# #.##
...##.# #..........###.#..###...
...##.# #......................#


You could see a centaur.

Vanquished Creatures
  A jelly (D:2)
  2 adders (D:3)
  3 gnolls (D:2)
  4 dart slugs
  3 ball pythons
  7 endoplasms
  3 giant cockroaches
  9 goblins
  5 hobgoblins
  8 jackals (D:1)
  A quokka (D:2)
  6 bats
  A frilled lizard (D:1)
  3 kobolds
  6 rats
62 creatures vanquished.

Vanquished Creatures (others)
  196 foxfires
196 creatures vanquished.

Grand Total: 258 creatures vanquished

Notes
Turn   | Place    | Note
-------+----------+-------------------------------------------
     0 | D:1      | freelancePsychic the Human Wanderer began the quest for the
                  | Orb.
     0 | D:1      | freelancePsychic set off with the following items: a +0
                  | club, a +0 robe; and the following spells available to
                  | memorise: Magic Dart, Foxfire, Freeze, Blink, Call Imp,
                  | Slow, Conjure Flame, Stone Arrow, Mephitic Cloud, Ozocubu's
                  | Armour
     0 | D:1      | Reached XP level 1. HP: 13/13 MP: 6/6
     2 | D:1      | Learned a level 1 spell: Foxfire
   109 | D:1      | Reached skill level 1 in Fire Magic
   109 | D:1      | Reached XP level 2. HP: 19/19 MP: 4/8
   420 | D:1      | Reached XP level 3. HP: 24/24 MP: 6/9
   774 | D:1      | You fall into a shaft and drop 1 floor!
  1508 | D:2      | Reached XP level 4. HP: 21/30 MP: 11/11
  2054 | D:2      | Reached XP level 5. HP: 35/35 MP: 6/12
  3255 | D:3      | Found a faded altar of an unknown god.
  3261 | D:3      | Noticed Sigmund
  3263 | D:3      | Noticed a centaur
  3288 | D:3      | Shot with an arrow by a centaur

Illustrated notes

Levels and vault maps discovered:
D:1:      shiori_arrival_maze, layout_basic
D:2:      layout_loops_ring
D:3:      layout_basic, marbit_many_paths, hellmonk_ecumenical_altar_blasted,
          uniq_robin, uniq_sigmund

Skill      XL: |  1  2  3  4 |
---------------+-------------+-----
Fire Magic     | 1 2 3 |  3.2
Conjurations   | 2 3 |  3.5
Throwing       | |  1.0
Spellcasting   | |  5.0
Necromancy     | |  2.0
Evocations     | |  1.0

Action                   |  1- 3 |  4- 6 || total
-------------------------+-------+-------++-------
Melee: Club              |    38 |    10 ||    48
       Quarterstaff      |       |     7 ||     7
 Cast: Foxfire           |    57 |    67 ||   124
  Use: Scroll            |       |     3 ||     3
Armor: Robe              |    11 |       ||    11
       Ring mail         |     6 |    27 ||    33
Dodge: Dodged            |    33 |    37 ||    70

Table legend: (Time is in decaauts)
 A = Elapsed time spent in this place.
 B = Non-inter-level travel time spent in this place.
 C = Inter-level travel time spent in this place.
 D = Time resting spent in this place.
 E = Time spent auto-exploring this place.
 F = Levels seen in this place.
 G = Mean time per level.
                   A        B        C        D        E       F      G
               +--------+--------+--------+--------+--------+-----+--------+
         Total |   3304 |   3246 |     58 |      0 |   2818 |   3 | 1101.3 |
       Dungeon |   3304 |   3246 |     58 |      0 |   2818 |   3 | 1101.3 |
               +--------+--------+--------+--------+--------+-----+--------+

Top non-repeatable levels by time:
     D:2: 1727 daAuts
     D:1: 937 daAuts
     D:3: 638 daAuts
